 Dungeon Crawl Stone Soup version 0.30-a0-782-ge64f9170bb (webtiles) character file.

Game seed: 6340533560915661650

14805 juan097 the Geomancer (level 12, -23/72 HPs)
             Began as a Gargoyle Earth Elementalist on Feb 18, 2023.
             Was an Elder of Vehumet.
             Annihilated by a large slime creature (29 damage)
             ... on level 12 of the Dungeon on Feb 19, 2023.
             The game lasted 00:46:31 (13958 turns).

juan097 the Geomancer (GrEE)                       Turns: 13958, Time: 00:46:32

Health: -23/72     AC: 24    Str: 13    XL:     12   Next: 20%
Magic:  20/24      EV: 12    Int: 26    God:    Vehumet [****..]
Gold:   272        SH:  0    Dex: 10    Spells: 10/28 levels left

rFire   . . .      SeeInvis .    a - staff of earth
rCold   . . .      Faith    .    (no shield)
rNeg    + . .      Spirit   .    B - +0 acid dragon scales
rPois   ∞          Reflect  .    J - +1 helmet
rElec   +          Harm     .    y - +0 cloak
rCorr   +          Rampage  .    d - +0 pair of gloves
Will    .....                    (no boots)
Stlth   +++                      (no amulet)
HPRegen 0.32/turn                N - +4 ring of protection
MPRegen 0.19/turn                H - +6 ring of intelligence {=R}

@: about to teleport
A: sickness immunity, AC +8, negative energy resistance 1, electricity
resistance, torment resistance 1, petrification resistance
a: Renounce Religion


You were on level 12 of the Dungeon.
You worshipped Vehumet.
Vehumet was greatly pleased with you.
You visited 2 branches of the dungeon, and saw 13 of its levels.

You collected 635 gold pieces.
You spent 363 gold pieces at shops.

Inventory:

Hand Weapons
 b - a +0 shortbow of freezing
 P - a +0 flail of venom
 Q - a +3 dagger
 V - a +5 short sword
Missiles
 h - 21 poisoned darts
 K - 2 boomerangs
 Y - a curare-tipped dart
 Z - 5 atropa-tipped darts
Armour
 c - the +1 leather armour of Mumblety Peg {rC+ Str+6 SInv}
   (You took it off an orc on level 5 of the Dungeon)

   Str:       It affects your strength (+6).
   rC:        It protects you from cold.
   SInv:      It lets you see invisible.
 d - a +0 pair of gloves (worn)
 i - the +1 ring mail "Pahos" {Dex+8}
   (You took it off a hobgoblin on level 4 of the Dungeon)

   Dex:       It affects your dexterity (+8).
 s - a +0 buckler of poison resistance
 y - a +0 cloak (worn)
 B - +0 acid dragon scales (worn)
 J - a +1 helmet (worn)
Magical Staves
 a - a staff of earth (weapon)
 W - a staff of cold
 X - a staff of conjuration
Jewellery
 o - a ring of flight
 H - a +6 ring of intelligence (right hand) {=R}
 I - a ring of see invisible
 N - a +4 ring of protection (left hand)
Wands
 A - a wand of polymorph (5)
 S - a wand of light (4)
 T - a wand of mindburst (10)
 U - a wand of charming (6)
Scrolls
 g - 4 scrolls of immolation
 j - 8 scrolls of teleportation
 k - 5 scrolls of amnesia {unknown}
 p - 2 scrolls of enchant weapon
 q - 3 scrolls of vulnerability
 w - a scroll of blinking
 x - 2 scrolls of silence
 z - 3 scrolls of fear {unknown}
 D - 3 scrolls of fog
 F - a scroll of enchant armour {unknown}
 G - 2 scrolls of torment {unknown}
 O - a scroll of poison {unknown}
 R - a scroll of brand weapon {unknown}
Potions
 e - 4 potions of haste
 f - 3 potions of mutation
 l - a potion of attraction
 m - a potion of lignification
 r - a potion of invisibility
 t - 2 potions of resistance
 u - 2 potions of heal wounds
 v - 9 potions of curing
 C - a potion of might
 E - 2 potions of ambrosia
 L - 2 potions of magic
 M - 5 potions of brilliance {unknown}
Miscellaneous
 n - a condenser vane (inert)


   Skills:
 + Level 7.6 Fighting
 - Level 2.0 Maces & Flails
 - Level 4.0 Armour
 - Level 4.0 Dodging
 - Level 6.0 Stealth
 + Level 8.9 Spellcasting
 - Level 8.0 Conjurations
 - Level 6.0 Transmutations
 + Level 2.7 Fire Magic
 - Level 10.0 Earth Magic
 + Level 2.5 Evocations


You had 10 spell levels left.
You knew the following spells:

 Your Spells              Type           Power      Damage    Failure   Level
a - Sandblast             Erth           100%       2d20      1%          1
b - Stone Arrow           Conj/Erth      100%       3d13      1%          3
c - Passwall              Tmut/Erth      56%        N/A       1%          2
d - Petrify               Tmut/Erth      68%        N/A       2%          4
e - Ignite Poison         Fire/Tmut/Pois 26%        N/A       1%          3
f - Fireball              Conj/Fire      19%        3d9       6%          5

Your spell library contained the following spells:

 Spells                   Type           Power      Damage    Failure   Level
 Airstrike                Air            5%         2d(1-17)  19%         4
 Foxfire                  Conj/Fire      100%       2x1d9     1%          1
 Static Discharge         Conj/Air       64%        2-5/arc   1%          2
 Arcjolt                  Conj/Air       16%        1d26      11%         5
 Lightning Bolt           Conj/Air       16%        1d30      11%         5
 Yara's Violent Unravell  Hex/Tmut       13%        3d7       16%         5
 Vhi's Electric Charge    Tloc/Air       22%        N/A       22%         3
 Starburst                Conj/Fire      19%        6d7       30%         6
 Metabolic Englaciation   Hex/Ice        5%         N/A       90%         5
 Enfeeble                 Hex            5%         N/A       100%        7
 Statue Form              Tmut/Erth      Unusable   N/A       N/A         6

Dungeon Overview and Level Annotations

Branches:
Dungeon (12/15)            Temple (1/1) D:4            Lair (0/5) D:8
    Orc (0/2) D:11

Altars:
Ashenzari
Cheibriados
Dithmenos
Elyvilon
Fedhas
Gozag
Hepliaklqana
Kikubaaqudgha
Makhleb
Nemelex Xobeh
Okawaru
Qazlal
Ru
Sif Muna
Trog
Uskayaw
Vehumet
Wu Jian
Xom
Yredelemnul
Zin
The Shining One

Shops:
D:5 [=   D:7 !

Annotations:
D:6 2 transporters, porpoise's ghost, novice GnEn


Innate Abilities, Weirdness & Mutations

You are immune to sickness and miasma.
Your stone body is resilient. (AC +8)
You are immune to poison.
You resist negative energy. (rN+)
You are resistant to electric shocks. (rElec)
You are resistant to unholy torment.
You are immune to petrification.


Message History

The slime creature barely misses you.
You feel a surge of power!
The blast of sand hits the slime creature!
You kill the slime creature!
Vehumet accepts your kill.
The slime creature hits you but does no damage. x2
The slime creature hits you.
The slime creature hits you but does no damage.
The slime creature completely misses you.
You feel a surge of power!
The blast of sand hits the slime creature!!
The slime creature is moderately wounded.
The slime creature barely misses you. The slime creature hits you!
The slime creature barely misses you.
Two slime creatures merge to form a large slime creature.
The slime creature misses you.
You feel a surge of power!
The blast of sand hits the large slime creature!!
The large slime creature is moderately wounded.
The slime creature hits you! The slime creature hits you.
The slime creature hits you but does no damage.
You feel a surge of power!
The blast of sand hits the large slime creature.
The large slime creature is heavily wounded.
The slime creature misses you.
The slime creature hits you but does no damage.
The large slime creature hits you but does no damage.
The slime creature hits you but does no damage.
Clouds of noxious fumes condense around you!
The condenser dries out!
The slime creature hits you. The large slime creature hits you!!
* * * LOW HITPOINT WARNING * * *
The slime creature misses you.
You are too injured to fight recklessly!
As you read the scroll labelled TEIS LUORA, it crumbles to dust.
You feel strangely unstable.
It was a scroll of teleportation.
The slime creature hits you!
* * * LOW HITPOINT WARNING * * *
The large slime creature hits you!!
You die...

....##......#.##..##...........##
.............................####
.....##........(#............# ##
....#.†........###.....#.....# #.
......##.......###.##.###......#.
......#................##........
..##...#..............## ........
.......#.......[.....## .......
..........####§§@§§..# #......
.........### #§JJJ§..##. ##.....
...........####§§§§..... #......
......................#. .......
......................# .....##
........................ .... #
..###..........###...... .. # ..#
#....(.....# ...... . ##
#####......# ......


You could see a large slime creature and 2 slime creatures.

Vanquished Creatures
  Fannar (D:10)
  A boulder beetle (D:12)
  2 two-headed ogres
  A cyclops (D:8)
  A manticore (D:11)
  2 ugly things (D:12)
  The ghost of BillyBaka the Skirmisher, a novice MiHu (D:5)
  A gargoyle (D:11)
  A komodo dragon (D:8)
  3 unseen horrors
  A troll (D:12)
  2 hornets (D:9)
  Sigmund (D:5)
  2 shadows
  5 slime creatures (D:12)
  8 yaks
  2 wyverns (D:10)
  2 wraiths
  2 steam dragons
  Menkaure (D:6)
  2 acid dragons
  A water moccasin (D:7)
  3 ice beasts (D:6)
  A sky beast (D:8)
  A black bear (D:8)
  6 orc warriors
  2 ogres
  10 centaurs
  A lemure (D:6)
  2 phantoms
  4 kobold brigands
  3 bullfrogs
  2 gnoll sergeants (D:8)
  A necrophage (D:5)
  5 scorpions
  3 wights (D:9)
  7 howler monkeys
  2 lava snakes (D:9)
  7 orc priests
  3 jellies
  3 hounds
  2 gnoll boudas
  18 orc wizards
  4 iguanas
  21 gnolls
  8 adders
  3 shadow imps
  3 ufetubi
  38 orcs
  7 ball pythons
  3 bats (D:1)
  3 endoplasms
  4 giant cockroaches
  3 goblins (D:4)
  6 hobgoblins
  27 kobolds
  2 quokkas (D:3)
  A frilled lizard (D:1)
  5 rats
267 creatures vanquished.

Vanquished Creatures (others)
  18 fungi (D:8)
  24 plants
  2 withered plants (D:8)
44 creatures vanquished.

Grand Total: 311 creatures vanquished

Notes
Turn   | Place    | Note
-------+----------+-------------------------------------------
     0 | D:1      | juan097 the Gargoyle Earth Elementalist began the quest for
                  | the Orb.
     0 | D:1      | Reached XP level 1. HP: 10/10 MP: 3/3
   282 | D:1      | Reached XP level 2. HP: 15/15 MP: 3/5
   349 | D:1      | Reached skill level 4 in Earth Magic
   974 | D:2      | Found a shimmering altar of Xom.
  1186 | D:2      | Reached XP level 3. HP: 19/19 MP: 0/6
  1190 | D:2      | Learned a level 3 spell: Stone Arrow
  1511 | D:2      | Reached skill level 1 in Conjurations
  1862 | D:3      | Noticed a phantom
  1952 | D:3      | Learned a level 2 spell: Passwall
  2177 | D:3      | Reached XP level 4. HP: 24/24 MP: 4/7
  2946 | D:4      | Noticed a scorpion
  2951 | D:4      | Killed a scorpion
  2952 | D:4      | Reached skill level 5 in Earth Magic
  2952 | D:4      | Reached XP level 5. HP: 28/28 MP: 4/8
  3370 | D:4      | Found a staircase to the Ecumenical Temple.
  3461 | Temple   | Entered the Ecumenical Temple
  3512 | Temple   | Became a worshipper of Vehumet
  3538 | D:4      | Reached XP level 6. HP: 22/32 MP: 7/9
  4089 | D:5      | Entered Level 5 of the Dungeon
  4154 | D:5      | Reached skill level 6 in Earth Magic
  4175 | D:5      | Found Nyfaosm's Armour Emporium.
  4178 | D:5      | Bought a +1 helmet for 138 gold pieces
  4296 | D:5      | Noticed BillyBaka's ghost (novice MiHu)
  4298 | D:5      | Found a runed translucent gate.
  4299 | D:5      | Found a runed translucent gate.
  4299 | D:5      | Found a runed translucent gate.
  4309 | D:5      | Noticed Sigmund
  4336 | D:4      | Identified the +1 ring mail "Pahos" {Dex+8}
  4381 | D:5      | Killed Sigmund
  4381 | D:5      | Reached * piety under Vehumet
  4381 | D:5      | Offered knowledge of Freeze by Vehumet.
  4382 | D:5      | Reached skill level 5 in Conjurations
  4382 | D:5      | Reached XP level 7. HP: 36/36 MP: 0/11
  4782 | D:5      | Reached XP level 8. HP: 42/42 MP: 11/14
  4824 | D:5      | Reached skill level 1 in Fighting
  4824 | D:5      | Reached skill level 1 in Maces & Flails
  4824 | D:5      | Reached skill level 1 in Armour
  4996 | D:5      | Found Geusk's Jewellery Boutique.
  5017 | D:5      | Identified the +1 leather armour of Mumblety Peg {rC+ Str+6
                  | SInv}
  5497 | D:6      | Reached skill level 7 in Earth Magic
  5512 | D:6      | Reached ** piety under Vehumet
  5600 | D:6      | Offered knowledge of Magic Dart by Vehumet.
  5766 | D:6      | Reached XP level 9. HP: 52/52 MP: 10/15
  5872 | D:6      | Learned a level 4 spell: Petrify
  5879 | D:6      | Reached skill level 8 in Earth Magic
  5896 | D:6      | Noticed Menkaure
  5898 | D:6      | Killed Menkaure
  5899 | D:6      | Reached skill level 1 in Transmutations
  6030 | D:6      | Identified the +2 ring mail "Ycykunn" {rElec rPois Regen+
                  | Slay-4}
  6321 | D:6      | Found a transporter.
  6327 | D:6      | Found a transporter.
  6328 | D:6      | Noticed porpoise's ghost (novice GnEn)
  6758 | D:5      | Killed BillyBaka's ghost
  6951 | D:7      | Reached skill level 9 in Earth Magic
  7434 | D:7      | Found Echi's Distillery.
  7439 | D:7      | Bought a potion of heal wounds for 75 gold pieces
  7439 | D:7      | Bought a potion of curing for 45 gold pieces
  7439 | D:7      | Bought a potion of degeneration for 15 gold pieces
  8147 | D:8      | Reached skill level 10 in Earth Magic
  8160 | D:8      | Reached XP level 10. HP: 56/56 MP: 7/16
  8405 | D:8      | Offered knowledge of Ignite Poison by Vehumet.
  8456 | D:8      | Found a staircase to the Lair.
  8468 | D:8      | Learned a level 3 spell: Ignite Poison
  8530 | D:8      | Reached *** piety under Vehumet
  8539 | D:8      | Noticed a cyclops
  8585 | D:8      | Killed a cyclops
  8586 | D:8      | Reached skill level 5 in Stealth
  8937 | D:8      | Found a blossoming altar of Fedhas.
  8937 | D:8      | Found an ancient bone altar of Kikubaaqudgha.
  9238 | D:8      | Reached skill level 5 in Fighting
  9650 | D:9      | Offered knowledge of Dazzling Flash by Vehumet.
  9661 | D:9      | Reached skill level 5 in Spellcasting
  9794 | D:9      | Found Zin's Purification Station.
  9800 | D:9      | Found a glowing silver altar of Zin.
  9803 | D:9      | Bought a potion of curing for 90 gold pieces
 10437 | D:10     | Entered Level 10 of the Dungeon
 10437 | D:10     | Noticed an unseen horror
 10442 | D:10     | Killed an unseen horror
 10443 | D:10     | Reached skill level 5 in Transmutations
 10492 | D:10     | Noticed Fannar
 10494 | D:10     | Reached XP level 11. HP: 64/64 MP: 11/19
 10655 | D:10     | Killed Fannar
 10990 | D:10     | Noticed a two-headed ogre
 11118 | D:10     | Reached **** piety under Vehumet
 11298 | D:10     | Killed a two-headed ogre
 11584 | D:10     | Offered knowledge of Airstrike by Vehumet.
 11705 | D:11     | Noticed a two-headed ogre
 11713 | D:11     | Killed a two-headed ogre
 12082 | D:11     | Noticed a manticore
 12090 | D:11     | Killed a manticore
 12296 | D:11     | Found a staircase to the Orcish Mines.
 13206 | D:12     | Learned a level 5 spell: Fireball
 13215 | D:12     | Noticed a white ugly thing
 13236 | D:12     | Killed a white ugly thing
 13398 | D:12     | Reached skill level 1 in Fire Magic
 13422 | D:12     | Reached skill level 1 in Evocations
 13431 | D:12     | Reached XP level 12. HP: 22/72 MP: 4/24
 13707 | D:12     | Noticed a boulder beetle
 13807 | D:12     | Killed a boulder beetle
 13958 | D:12     | Annihilated by a large slime creature

Illustrated notes

Levels and vault maps discovered:
D:1:      erik_arrival_orb_chamber, layout_basic, minmay_misc_feat_nine_boxes
D:2:      layout_basic, basic_altar, minmay_pentomino_w2
D:3:      layout_loops_ring, serial_bayou_pond_c, minmay_misc_feat_hallway
D:4:      layout_cave_pods, minmay_temple_entry_slanted
D:5:      layout_cave_pools, gammafunk_ghost_split, serial_shops,
          kennysheep_mini, nicolae_take_the_stairs, uniq_sigmund
D:6:      minmay_evil_eye, layout_basic, gammafunk_ghost_gnarly_gnolls,
          hangedman_decor_diamond_cutter, uniq_menkaure, uniq_pikel
D:7:      layout_loops_corners, serial_shops, nicolae_shop_stone,
          chequers_serial_rivers_micro_e, chequers_avenue
D:8:      layout_loops_ring, grunt_temple_overflow_growth_and_decay,
          grunt_lair_entry_orc_guard_hut
D:9:      layout_small_grid, zin_purify, nicolae_lava_and_water
D:10:     layout_cave_pools, serial_column_ruins, column_ruins_courtyard_long,
          column_ruins_columns_straight, column_ruins_columns_corner,
          column_ruins_open_tiny, uniq_fannar
D:11:     layout_loops_corners, orc_0_dummy
D:12:     layout_cave_pools
Temple:   hellmonk_temple_of_storms

Skill      XL: |  1  2  3  4  5  6  7  8  9 10 11 12 |
---------------+-------------------------------------+-----
Earth Magic    | 4 5 6 7 10 | 10.0
Stealth        | 3 4 6 |  6.0
Conjurations   | 1 2 3 5 6 7 8 |  8.0
Spellcasting   | 3 4 5 8 |  8.9
Fighting       | 3 4 5 7 |  7.6
Maces & Flails | 2 |  2.0
Armour         | 2 4 |  4.0
Dodging        | 2 3 4 |  4.0
Transmutations | 4 5 6 |  6.0
Fire Magic     | 1 2 |  2.7
Evocations     | 1 2 |  2.5

Action                     |  1- 3 |  4- 6 |  7- 9 | 10-12 || total
---------------------------+-------+-------+-------+-------++-------
  Melee: Unarmed           |     4 |       |       |       ||     4
         Short sword       |     3 |       |       |       ||     3
         Dagger            |       |    10 |       |       ||    10
         Flail             |       |     8 |    21 |     7 ||    36
         Staff             |       |       |       |     8 ||     8
   Fire: Arbalest          |       |       |     3 |     3 ||     6
  Throw: Dart              |       |       |     1 |     8 ||     9
   Cast: Sandblast         |    43 |    69 |    85 |    91 ||   288
         Stone Arrow       |       |     3 |    52 |   161 ||   216
  Evoke: Condenser vane    |       |       |       |     1 ||     1
    Use: Potion            |       |       |     1 |       ||     1
         Scroll            |       |       |     6 |     8 ||    14
 Armour: Robe              |     3 |       |       |       ||     3
         Ring mail         |     8 |    39 |    62 |    67 ||   176
         Acid dragon scale |       |       |       |    25 ||    25
  Dodge: Dodged            |    15 |    35 |    52 |    91 ||   193

Table legend: (Time is in decaauts)
 A = Elapsed time spent in this place.
 B = Non-inter-level travel time spent in this place.
 C = Inter-level travel time spent in this place.
 D = Time resting spent in this place.
 E = Time spent auto-exploring this place.
 F = Levels seen in this place.
 G = Mean time per level.
                   A        B        C        D        E       F      G
               +--------+--------+--------+--------+--------+-----+--------+
         Total |  14115 |  13428 |    687 |    894 |  10129 |  13 | 1085.8 |
       Dungeon |  14049 |  13394 |    655 |    894 |  10111 |  12 | 1170.8 |
        Temple |     66 |     34 |     32 |      0 |     18 |   1 |   66.0 |
               +--------+--------+--------+--------+--------+-----+--------+

Top non-repeatable levels by time:
    D:11: 1553 daAuts
     D:9: 1399 daAuts
     D:5: 1390 daAuts
     D:6: 1365 daAuts
     D:8: 1357 daAuts
     D:4: 1325 daAuts
     D:2: 1166 daAuts
     D:7: 1086 daAuts
     D:3: 1029 daAuts
    D:10: 947 daAuts
    D:12: 715 daAuts
     D:1: 713 daAuts
  Temple: 66 daAuts
